 Dungeon Crawl Stone Soup version 0.26.0-18-gc5c842f807 (webtiles) character file.

Game seed: 4519999408938676779

44 kaeus the Firebug (level 3, 0/21 HPs)
             Began as an Octopode Fire Elementalist on Jan 22, 2021.
             Was an Initiate of the Shining One.
             Slain by a giant cockroach (2 damage)
             ... on level 2 of the Dungeon.
             The game lasted 00:01:19 (1106 turns).

kaeus the Firebug (Octopode Fire Elementalist)      Turns: 1106, Time: 00:01:20

Health: 0/21       AC:  5    Str:  7    XL:     3   Next: 60%
Magic:  6/6        EV: 13    Int: 24    God:    the Shining One [......]
Gold:   48         SH:  0    Dex: 12    Spells: 6/7 levels left

rFire    . . .     SeeInvis .   h - +0 short sword
rCold    . . .     Faith    .   (no shield)
rNeg     . . .     Spirit   .   (helmet restricted)
rPois    .         Reflect  .   (no amulet)
rElec    .         Harm     .   b - +4 ring of protection
rCorr    .         Rampage  .   a - +6 ring of intelligence
Will     .....                  (no ring)
Stlth    +.........             (no ring)
HPRegen  0.07/turn              (no ring)
MPRegen  0.10/turn              (no ring)
                                (no ring)
                                (no ring)

@: glowing
A: almost no armour, stealthy swim, amphibious, 8 rings, constrict 8, camouflage
1, gelatinous body 1
a: Renounce Religion


You were on level 2 of the Dungeon.
You worshipped the Shining One.
The Shining One was noncommittal.
You visited 1 branch of the dungeon, and saw 3 of its levels.

You collected 48 gold pieces.

Inventory:

Hand Weapons
 h - a +0 short sword (weapon)
Jewellery
 a - a +6 ring of intelligence (right tentacle)
 b - a +4 ring of protection (left tentacle)
 i - a cursed amulet of inaccuracy {unknown}
Scrolls
 e - a scroll of amnesia {unknown}
 g - a scroll of teleportation {unknown}
 j - 3 scrolls of random uselessness {unknown}
Potions
 c - a potion of haste {unknown}
 f - a potion of flight {unknown}


   Skills:
 - Level 2.0 Dodging
 - Level 2.6 Stealth
 + Level 2.6 Spellcasting
 + Level 2.0 Conjurations
 + Level 3.5 Fire Magic


You had 6 spell levels left.
You knew the following spells:

 Your Spells              Type           Power        Failure   Level
a - Foxfire               Conj/Fire      64%          3%          1

Your spell library contained the following spells:

 Spells                   Type           Power        Failure   Level
 Conjure Flame            Conj/Fire      16%          11%         3
 Inner Flame              Hex/Fire       11%          16%         3
 Sticky Flame             Conj/Fire      16%          34%         4
 Fireball                 Conj/Fire      8%           69%         5


Dungeon Overview and Level Annotations

Branches:
Dungeon (3/15)

Altars:
The Shining One


Innate Abilities, Weirdness & Mutations

You cannot wear most types of armour.
You are very stealthy in the water. (Stealth+)
You are amphibious.
You can wear up to eight rings at the same time.
You can use your tentacles to constrict eight enemies at once.
Your skin changes colour to match your surroundings (Stealth+).
Your rubbery body absorbs attacks. (AC +1, EV +1)


Message History

The goblin barely misses you. The kobold hits you but does no damage.
The giant cockroach closely misses you.
Found a scroll labelled SUMUMU IV ANU.
A kobold comes into view.
The kobold shouts!
The kobold completely misses you.
A worm comes into view.
You hit the worm. Your grab misses the worm.
The worm is moderately wounded.
The giant cockroach closely misses you. The kobold barely misses you.
You hit the worm. You grab the worm.
The worm is heavily wounded.
You constrict the worm. The giant cockroach misses you. The worm misses you.
The kobold hits you but does no damage.
You hit the worm. You squeeze the worm.
The worm is severely wounded.
You constrict the worm. The giant cockroach misses you. The worm bites you.
* * * LOW HITPOINT WARNING * * *
The giant cockroach bites you.
You die...

######
#....######
#####.##..?...#
#....g....###.#
#####KBK.....>#
#@#...#...#
#w###.#.#.# #..
..#.#.#
#######.#.#
#.#.# #.#.#
#.#.#


You could see a worm, a giant cockroach, a goblin and 2 kobolds.

Vanquished Creatures
  A gnoll (D:1)
  An ooze (D:1)
  3 giant cockroaches (D:1)
  4 goblins
  3 hobgoblins
  6 jackals
  3 bats (D:1)
  3 kobolds (D:1)
  3 rats (D:1)
27 creatures vanquished.

Vanquished Creatures (others)
  37 foxfires
37 creatures vanquished.

Grand Total: 64 creatures vanquished

Notes
Turn   | Place    | Note
-------+----------+-------------------------------------------
     0 | D:1      | kaeus the Octopode Fire Elementalist began the quest for
                  | the Orb.
     0 | D:1      | Reached XP level 1. HP: 11/11 MP: 3/3
   200 | D:1      | Found a glowing golden altar of the Shining One.
   362 | D:1      | Reached XP level 2. HP: 13/17 MP: 1/5
   420 | D:1      | Became a worshipper of the Shining One
   802 | D:1      | Reached XP level 3. HP: 21/21 MP: 2/6
  1080 | D:2      | HP: 1/21 [kobold (2)]
  1106 | D:2      | Slain by a giant cockroach

Illustrated notes

Levels and vault maps discovered:
D:1:      amcnicky_arrival_underground_garden, layout_basic, corner_web_ring,
          tso_metal_star
D:2:      layout_basic, chequers_temple_overflow_statue_of_worship,
          dk_yredelemnul_ordeal
D:3:      kennysheep_the_goblin_king, layout_loops_corners, uniq_jessica

Skill      XL: |  1  2  3 |
---------------+----------+-----
Conjurations   | 2 |  2.0
Dodging        | |  2.0
Stealth        | |  2.6
Spellcasting   | |  2.6
Fire Magic     | |  3.5

Action                   || total
-------------------------++-------
Melee: Unarmed           ||    33
       Constrict         ||    16
       Tentacles         ||     7
       Short sword       ||    24
 Cast: Foxfire           ||    30
  Use: Potion            ||     2
Armor: Skin              ||    28
Dodge: Dodged            ||    82
